Yev-Ruu, chaotic female vampiric Convict ----------------------- ----------------------- ----------------- |.......|.......|0....| |..%.^..............).| |.......|`......| |.---.|...|.---.---.|.----- ---...-----.-------.------- |.|.-----.-----.| |...|.|...|...|^....|.....|.|.....|.....).....|.......| |.|...........|.| |.|.---.-----.---------...|.|.---.|.---------.|.---.|.| ---.|--.--------|.| |.|.....|...|.......|.......|.| |.)(+0.....%....|+..|.| |...|.....|[-.[.|.| |.|.-----.---.-----.....[.---.|------.-------.--|.------- |.|.|.------|..%-.| |.|...%...|.....|...........^.|.[0....|.........|....^..| |.|..^|...|(-...|.| |.---.---.|.....|.-----.......|--.----|.........|.-----.---.|--.|.|.|------.| |...|.|...|..{..|.....|.......| |.|..[-....<....+.....|.....|.....|.|.......| |--.---.|.|...1.|.|'---...-.-.|--.|.--|.........|--.--|----.|.----|.|------.| |.......|.|.......q)|..^......|...|.%.|.....+...|...| |...|.|.|...|.|.......| --------|.---.--|.|.|.|...---.---.---.|---------|.-----...--|.|--.|.|.-----.| --|..|.|...|...|.|0|.|...| |...|...|.|.........|.|........^|.| |...|.| |...| |^-..|.|--.|.--|.|.|.|---- ---.---.|.-----.---.|[|.---...|.|.| ---.|.|--.--- --|..|.|...|.+.|.....| |.....|.......[.|.|.|...|...|.|.| |...|...| |..|.|.-----.---.--- |...-.---------[|.|[.[{.|.|.|.|.| --------- |.............%..| |.........| |.............|..%..| ------------------ ----------- --------------------- Yev-Ruu the Prisoner Experience level: 13 Strength: 17 Dexterity: 13 Constitution: 20 Intelligence: 11 Wisdom: 15 Charisma: 7 Health: 127(139) Energy: 0(0) AC: -14 Gold: 0 Moves: 27229 Your Inventory: Armor g - an [uncursed] +0 pair of leather gloves of stealth (being worn) l - an uncursed +2 blue and green shield [elven] (being worn) p - an uncursed +1 dented pot (being worn) u - a blessed +5 pair of jackboots named These are fine [high] (being worn) w - an [uncursed] +0 dwarvish mithril-coat (being worn) A - a blessed +0 cloak of invisibility (being worn) Scrolls I - an [uncursed] scroll of create monster V - 2 uncursed scrolls of teleportation Wands k - an [uncursed] wand of create monster [0:12] x - an [uncursed] wand of teleportation [0:4] S - an uncursed wand of enlightenment [0:9] Tools a - an uncursed [+0] unicorn horn f - an uncursed bag called Holding named Portal to the elemental plane of TEETH [of holding] m - an [uncursed oil] lamp (0:0) v - an uncursed fire horn [0:0] C - an uncursed skeleton key E - an uncursed blindfold H - an uncursed silver bell [(Bell of Opening) (0:3)] Gems t - an [uncursed] red gem [ruby] T - an uncursed stone called Luckstone [luckstone] Iron balls c - the blessed rustproof Iron Ball of Liberation (weapon in hand) Contents of the bag of holding named Portal to the elemental plane of TEETH: 5471 gold pieces 10 uncursed [+0] throwing stars [of frost (shuriken)] an uncursed +0 dwarvish cloak of brilliance an [uncursed +0] elven leather helm a [cursed +0] elven leather helm a [cursed -1] faded pall [elven cloak] an [uncursed +0] pair of jungle boots [water walking] 4 uncursed scrolls called remove curse [of remove curse] a [blessed] scroll called remove curse [of remove curse] an [uncursed] scroll called scare monster [of scare monster] an uncursed scroll of charging an uncursed scroll of destroy armor a [cursed] scroll of destroy armor 2 cursed scrolls of enchant armor an [uncursed] scroll of enchant armor a cursed scroll of fire an [uncursed] scroll of flood an uncursed scroll of genocide an [uncursed] scroll of identify 2 [uncursed] scrolls of magic mapping a cursed scroll of punishment 3 uncursed scrolls of teleportation 5 uncursed unlabeled scrolls [of blank paper] an [uncursed] potion called acid [of acid] an [uncursed] potion of object detection a [cursed] potion of object detection an [uncursed] potion of paralysis an [uncursed +3] ring of gain dexterity a [cursed -1] ring of gain dexterity a cursed ring of polymorph an uncursed wand called What is this [of locking (0:7)] an [uncursed] wand called nothing/secret doors [of secret door detection (0:15)] an uncursed wand of cold [0:4] an uncursed wand of digging [0:6] an [uncursed] wand of digging [0:8] an [uncursed] wand of digging [0:4] a [blessed] wand of make invisible [0:7] an uncursed wand of sleep [0:6] an uncursed wand of sleep [0:8] an [uncursed] wand of striking [0:3] a [blessed] wand of teleportation [0:5] an [uncursed wax] candle an [uncursed] figurine of an Uruk-hai an [uncursed] leash an uncursed looking glass [mirror] an uncursed magic marker [0:77] 12 uncursed black gems [worthless glass] 3 [uncursed] green gems [emerald] 2 [uncursed] green gems [worthless glass] 4 [uncursed] orange gems [worthless glass] 2 [uncursed] red gems [ruby] an [uncursed] stone called Flint [flint] an uncursed stone called Luckstone [luckstone] 4 [uncursed] violet gems [worthless glass] 5 [uncursed] violet gems [amethyst] 2 [uncursed] white gems [diamond] an [uncursed] white gem [worthless glass] 3 [uncursed] yellow gems [worthless glass] an [uncursed] yellowish brown gem [topaz] 11 [uncursed] yellowish brown gems [worthless glass] Spells known in the end: Name Level Category Fail Memory a - sleep 1* enchantment 100% [........] Your skills at the end: Fighting Skills body armor [Skilled / Skilled] shield [Basic / Basic] Weapon Skills flail [Expert / Expert] sling [Basic / Skilled] Spellcasting Skills Final Attributes: You were piously aligned. Hunger level was -603. Your alignment was 144 / 146. Monster difficulty range was 2 - 13. Level difficulty was 13. You were immune to poison. You were immune to level-drain. You were immune to sickness. You were magic-protected. You were warned. You had automatic searching. You were invisible. You were displaced. You were stealthy. You could fly. You could survive without air. You regenerated. You were fast. You were extremely lucky (10). You had extra luck. Bad luck did not time out for you. Good luck did not time out for you. Tymora was angry with you (1). You are dead. Vanquished creatures: Warden Arianna 2 iron golems a baluchitherium an Olog-hai a vampire lord a skeleton 6 prison guards a shopkeeper 7 lava demons 6 inmates a clay golem a nurse a lurker above an ettin 3 black puddings 2 vampires a lieutenant 4 ghosts 3 queen bees 4 giant mimics a zruty an ogre king 9 ice trolls a flesh golem an Elvenking a doppelganger a large mimic 2 wumpuses a long worm a couatl a stalker 2 air elementals 2 fire elementals 4 earth elementals a water elemental a black naga 4 xorns 4 sergeants 3 wargs a winter wolf 12 small mimics 2 glass piercers 3 rodents of unusual size 3 warhorses 2 xans 2 ettin mummies 2 quantum mechanics 2 trolls a sasquatch a wood golem a djinni 2 gelatinous cubes 3 large dogs 5 freezing spheres 2 flaming spheres a shocking sphere a large cat 2 tigers a gargoyle 2 dwarf kings 3 tengu 2 ochre jellies a leocrotta 7 stone giants 5 elf mummies 3 human mummies a red naga a pit viper a wraith 7 ettin zombies 4 Grey-elves 20 soldiers an incubus a chameleon 49 giant beetles 2 quivering blobs 2 cockatrices 5 wolves 2 winter wolf cubs a panther a gremlin a spotted jelly 16 leprechauns 2 orc-captains 4 iron piercers 2 mumakil 17 giant spiders 2 scorpions an ice vortex 4 black lights 6 gnome kings 2 orc mummies a dwarf mummy a rust monster a gold golem a Green-elf a lizard 3 chickatrices 3 dogs a dingo 2 housecats 5 jaguars 2 blue jellies 3 white unicorns a dust vortex 3 ravens a plains centaur 2 Kop Kaptains 3 gnome mummies 2 snakes 6 apes 4 human zombies 3 rope golems 8 Woodland-elves 18 soldier ants a fire ant 2 wood nymphs 4 water nymphs 12 Uruk-hai 2 orc shamans 6 rock piercers 7 enormous rats 6 rock moles 4 ponies 2 fog clouds 9 yellow lights 3 shriekers 3 violet fungi 16 gnome lords 5 gnomish wizards 3 Kop Lieutenants 5 kobold mummies 3 black naga hatchlings a golden naga hatchling 3 guardian naga hatchlings 5 gray oozes a barrow wight 3 elf zombies a ghoul a paper golem a wax golem a baby crocodile 11 giant ants 4 little dogs 9 floating eyes a kitten 21 dwarves a homunculus 2 kobold lords 4 kobold shamans 15 hill orcs 14 rothes 3 rabid rats 4 giant bats 5 Kop Sergeants 6 orc zombies 7 dwarf zombies 2 miners a wererat 3 werejackals 6 iguanas 84 killer bees 4 acid blobs 2 coyotes 3 gas spores 9 hobbits 8 manes 3 large kobolds 6 hobgoblins 8 giant rats 9 cave spiders 6 yellow molds 73 gnomes 4 Keystone Kops 19 garter snakes 7 gnome zombies 7 geckos 3 jackals 2 foxes a kobold 2 goblins 12 sewer rats 9 grid bugs 10 lichens 16 newts 927 creatures vanquished. Voluntary challenges: You went without food. You never hit with a wielded weapon. You read items or engraved 26 times. You put on armor 70 times. You never genocided any monsters. You never polymorphed an object. You never changed form. You used no wishes. You abstained from Elbereth's help. You never encountered a bones level. You never used any Sokoban shortcuts. Dungeon overview: The Dungeons of Doom: levels 1 to 20 Level 1 an altar, a fountain a long staircase Level 2 a general store Level 3 an armor shop, some fountains Level 4 some fountains stairs to The Gnomish Mines Level 5 a pet store, a fountain Level 6 many fountains Level 7 (Vault) stairs to Sokoban Level 8 a potion shop, a fountain stairs to Town Level 9 a temple Level 11 a fountain Level 12 (Everything is polytraps) portal to The Quest Level 13 an altar, a fountain Level 17 a fountain Level 20 portal to One-eyed Sam's Market The Gnomish Mines: levels 5 to 13 Level 5 stairs to The Dungeons of Doom Level 8 many shops, a temple, a magic chest, some fountains Level 13 <- You were here some fountains The Quest: levels 1 to 6 Level 1 an altar to Tymora, a magic chest, a sink portal to The Dungeons of Doom Level 3 a general store, a sink Level 6 (Please no demon lords ) Sokoban: levels 4 to 6 Level 4 (This one is hard too) Level 5 (I am very smart) Level 6 a magic chest stairs to The Dungeons of Doom Town: Level 7 stairs to The Dungeons of Doom One-eyed Sam's Market: Level 1 portal to The Dungeons of Doom History has recorded: On T:1 you entered the Dungeons of Doom to retrieve the Amulet of Yendor! On T:123 you reached level 2 of The Dungeons of Doom. On T:127 you advanced to experience level 2. On T:154 you advanced to experience level 3. On T:302 you advanced to experience level 4. On T:346 you reached level 3 of The Dungeons of Doom. On T:948 you advanced to experience level 5. On T:1307 you reached level 4 of The Dungeons of Doom. On T:1394 you advanced to experience level 6. On T:1602 you reached level 1 of The Gnomish Mines. On T:3701 you advanced to experience level 7. On T:3958 you reached level 2 of The Gnomish Mines. On T:4086 you reached level 3 of The Gnomish Mines. On T:4265 you reached level 4 of The Gnomish Mines. On T:4501 you advanced to experience level 8. On T:5020 you reached level 5 of The Gnomish Mines. On T:5216 you advanced to experience level 9. On T:6328 you reached level 6 of The Dungeons of Doom. On T:6801 you reached level 7 of The Dungeons of Doom. On T:6997 you reached level 3 of Sokoban. On T:7116 you reached level 8 of The Dungeons of Doom. On T:7145 you reached level 3 of Town. On T:7477 you reached level 9 of The Dungeons of Doom. On T:8210 you advanced to experience level 10. On T:8711 you reached level 10 of The Dungeons of Doom. On T:8761 you reached level 11 of The Dungeons of Doom. On T:9315 you reached level 12 of The Dungeons of Doom. On T:9978 you reached level 1 of The Quest. On T:11225 you advanced to experience level 11. On T:11236 you received a rustproof flail of stealth from Tymora. On T:11896 you received Luck Blade from Tymora. On T:12256 you embarked upon an epic quest. On T:12443 you reached level 2 of The Quest. On T:12676 you reached level 3 of The Quest. On T:13518 you reached level 4 of The Quest. On T:13674 you advanced to experience level 12. On T:13748 you reached level 5 of The Quest. On T:13915 you reached level 6 of The Quest. On T:14023 you killed Warden Arianna on level 6 of The Quest. On T:14334 you received Ogresmasher from Tymora. On T:16609 you reached level 2 of Sokoban. On T:17646 you reached level 1 of Sokoban. On T:19179 you refused a wish. On T:19336 you reached level 13 of The Dungeons of Doom. On T:19733 you reached level 14 of The Dungeons of Doom. On T:20374 you reached level 16 of The Dungeons of Doom. On T:20766 you reached level 17 of The Dungeons of Doom. On T:21146 you reached level 18 of The Dungeons of Doom. On T:21363 you reached level 19 of The Dungeons of Doom. On T:21715 you advanced to experience level 13. On T:21831 you reached level 20 of The Dungeons of Doom. On T:22030 you reached level 1 of One-eyed Sam's Market. On T:24508 you reached level 6 of The Gnomish Mines. On T:24741 you reached level 7 of The Gnomish Mines. On T:24941 you reached level 8 of The Gnomish Mines. On T:25128 you reached level 9 of The Gnomish Mines. Latest messages: The straw golem misses. The rothe misses. (3x) [HP+3=122] The straw golem hits! The straw golem misses. The rothe hits! The rothe misses. (2x) [HP-1=121] The straw golem misses. (2x) The rothe hits! The rothe misses. (2x) The straw golem misses. The straw golem just misses! [HP+4=125] The straw golem misses. (2x) The rothe misses. (3x) [HP+1=126] The straw golem misses. (2x) The rothe hits! The rothe bites! (2x) [HP-2=124] The straw golem hits! (2x) The rothe misses. (3x) [HP-2=122] [HP+4=126] The straw golem misses. (2x) You die from starvation. Final status: Goodbye Yev-Ruu the Convict... You starved in The Gnomish Mines on dungeon level 13 with 52814 points, and 5471 pieces of gold, after 27229 moves. You were level 13 with a maximum of 139 hit points when you starved.